 Dungeon Crawl Stone Soup version 0.28-a0-537-g3bccd9ccbf (webtiles) character file.

Game seed: 1063699606417435751

186 robertstho the Magician (level 5, -5/38 HPs)
             Began as a Djinni Fire Elementalist on Sept 27, 2021.
             Killed by nerve-wracking pain
             ... invoked by an orc priest
              (13 damage)
             ... on level 4 of the Dungeon.
             The game lasted 00:04:40 (3816 turns).

robertstho the Magician (Djinni Fire Elementalist)  Turns: 3816, Time: 00:04:41

Health: -5/38      AC:  2    Str:  7    XL:     5   Next: 97%
Gold:   37         EV: 12    Int: 18    God:
                   SH:  0    Dex: 13

rFire   + + .      SeeInvis .   f - +0 spear
rCold   x . .      Faith    .   (no shield)
rNeg    . . .      Spirit   .   k - +0 robe of Rationality {rCorr}
rPois   ∞          Reflect  .   (no helmet)
rElec   .          Harm     .   (no cloak)
rCorr   +          Rampage  .   (no gloves)
Will    .....                   (boots unavailable)
Stlth   ++........              (no amulet)
HPRegen 0.12/turn               (no ring)
MPRegen 0.00/turn               (no ring)

@: flying
A: sickness immunity, fire resistance 2, cold vulnerability 1, float, innate
caster, hp casting, extra vitality 1
a: no special abilities


You were on level 4 of the Dungeon.
You visited 1 branch of the dungeon, and saw 4 of its levels.

You collected 156 gold pieces.
You spent 119 gold pieces at shops.

Inventory:

Hand Weapons
 f - a +0 spear (weapon)
Armour
 k - the +0 robe of Rationality (worn) {rCorr}
   (You bought it in a shop on level 3 of the Dungeon)

   rCorr:     It protects you from acid and corrosion.
Scrolls
 e - a scroll of enchant weapon {unknown}
 g - a scroll of acquirement {unknown}
 h - a scroll of teleportation {unknown}
Potions
 a - a potion of attraction {unknown}
 b - a potion of magic {unknown}
 c - a potion of resistance {unknown}
 d - a potion of lignification {unknown}
 i - a potion of might {unknown}
 j - a potion of heal wounds {unknown}


   Skills:
 * Level 1.8 Fighting
 + Level 0.1 Polearms
 + Level 2.2 Dodging
 + Level 2.0 Stealth
 * Level 4.2 Spellcasting


You couldn't memorise any spells.
You knew the following spells:

 Your Spells              Type           Power      Damage    Failure   Level
a - Foxfire               Conj/Fire      76%        2x1d7     2%          1
b - Scorch                Fire           38%        2d6       3%          2
c - Conjure Flame         Conj/Fire      19%        6-21      8%          3
d - Inner Flame           Hex/Fire       19%        N/A       8%          3
e - Flame Wave            Conj/Fire      19%        3d5       26%         4
f - Pain                  Necr           76%        1d7       2%          1
g - Call Imp              Summ           19%        N/A       3%          2
Your spell library was empty.

Dungeon Overview and Level Annotations

Branches:
Dungeon (4/15)
 Temple: D:4-7

Altars:
Gozag
Qazlal

Shops:
D:3 [


Innate Abilities, Weirdness & Mutations

You are immune to sickness and miasma.
You are immune to poison.
Your flesh is very heat resistant. (rF++)
You are vulnerable to cold. (rC-)
You float through the air rather than walking.
You learn spells naturally, not from books.
Your magical power is your life essence.
You have superior vitality. (+4 HP)


Message History

The orc priest's fire resistance burns away.
Casting: Scorch (safe; 3% risk of failure)
Confirm with . or Enter, or press ? or * to list all spells.
Flames lash the orc priest but do no damage.
An orc comes into view. It is wielding a +0 dagger.
Unknown command.
Casting: Scorch (safe; 3% risk of failure)
Confirm with . or Enter, or press ? or * to list all spells.
Flames lash the orc.
The orc is almost dead.
The orc's fire resistance burns away.
The orc priest hits you with a +0 whip.
Unknown command.
Casting: Scorch (safe; 3% risk of failure)
Confirm with . or Enter, or press ? or * to list all spells.
Flames lash the orc priest.
The orc priest is burned terribly!
The orc priest is severely wounded.
The orc priest is no longer more vulnerable to fire.
The orc priest calls down the wrath of Beogh upon you.
Pain shoots through your body!
Casting: Scorch (safe; 3% risk of failure)
Confirm with . or Enter, or press ? or * to list all spells.
Flames lash the orc.
The orc is burned terribly!
You kill the orc!
The orc priest barely misses you.
Unknown command.
Casting: Scorch (safe; 3% risk of failure)
Confirm with . or Enter, or press ? or * to list all spells.
Flames lash the orc.
The orc is severely wounded.
The orc's fire resistance burns away.
The orc priest hits you with a +0 whip.
* * * LOW HITPOINT WARNING * * *
Unknown command.
Casting: Scorch (safe; 3% risk of failure)
Confirm with . or Enter, or press ? or * to list all spells.
Flames lash the orc.
The orc is burned terribly!
You kill the orc!
* * * LOW HITPOINT WARNING * * *
The orc priest invokes the aid of Beogh against you.
Pain shoots through your body!
You die...

#.. #.# #.#
#.####
#.#.) #.#)#
#.#o# #.@.#
######.#.#
#.....###.#
#.#..## #..
###.#.#.#
###
#.._..##.#
#.#.### #..
#.#.# ..#
#...# .#


You could see an orc priest.

Vanquished Creatures
  A necrophage (D:3)
  3 adders (D:2)
  A worm (D:2)
  4 dart slugs
  5 orcs
  7 ball pythons
  5 endoplasms
  7 giant cockroaches
  5 hobgoblins
  2 bats
  3 frilled lizards
  4 goblins
  5 kobolds
  6 rats
58 creatures vanquished.

Vanquished Creatures (others)
  57 foxfires
57 creatures vanquished.

Grand Total: 115 creatures vanquished

Notes
Turn   | Place    | Note
-------+----------+-------------------------------------------
     0 | D:1      | robertstho the Djinni Fire Elementalist began the quest for
                  | the Orb.
     0 | D:1      | Reached XP level 1. HP: 15/15 MP: 0/0
   300 | D:1      | Reached XP level 2. HP: 13/22 MP: 0/0
   826 | D:1      | Reached skill level 1 in Fighting
  1192 | D:2      | Reached XP level 3. HP: 23/27 MP: 0/0
  1192 | D:2      | Learned a level 1 spell: Pain
  1222 | D:2      | Reached skill level 3 in Spellcasting
  1419 | D:2      | Found a faded altar of an unknown god.
  1660 | D:2      | Found a stormy altar of Qazlal.
  1838 | D:2      | Reached XP level 4. HP: 24/32 MP: 0/0
  3247 | D:3      | Found a stormy altar of Qazlal.
  3448 | D:3      | Found Ehoropsa's Antique Armour Shoppe.
  3453 | D:3      | Bought a steaming robe for 119 gold pieces
  3453 | D:3      | Identified the +0 robe of Rationality {rCorr} (You bought
                  | it in a shop on level 3 of the Dungeon)
  3526 | D:3      | Noticed a necrophage
  3532 | D:3      | Killed a necrophage
  3533 | D:3      | Reached skill level 4 in Spellcasting
  3533 | D:3      | Reached XP level 5. HP: 27/38 MP: 0/0
  3533 | D:3      | Learned a level 2 spell: Call Imp
  3737 | D:4      | Found an opulent altar of Gozag.
  3816 | D:4      | Killed from afar by an orc priest

Illustrated notes

Levels and vault maps discovered:
D:1:      dpeg_arrival_connections, layout_basic,
          amcnicky_mini_rare_corridor_liquid
D:2:      layout_basic, shapermc_ecumenical_altar_starsandcircs, basic_altar,
          interstate_on_off, grunt_ministairs_5
D:3:      layout_basic, marbit_many_paths, serial_shops, shop_fountains
D:4:      layout_loops_ring, lemuel_crystal_altar, grunt_ministairs_11

Skill      XL: |  1  2  3  4 |
---------------+-------------+-----
Fighting       | 1 |  1.8
Spellcasting   | 3 4 |  4.2
Stealth        | 2 |  2.0
Polearms       | |  0.1
Dodging        | |  2.2

Action                   |  1- 3 |  4- 6 || total
-------------------------+-------+-------++-------
Melee: Unarmed           |     2 |       ||     2
       Spear             |    11 |    23 ||    34
 Cast: Foxfire           |    34 |       ||    34
       Scorch            |    16 |    42 ||    58
 Stab: Sleeping          |       |     3 ||     3
Armor: Robe              |     8 |     7 ||    15
Dodge: Dodged            |     8 |     8 ||    16

Table legend: (Time is in decaauts)
 A = Elapsed time spent in this place.
 B = Non-inter-level travel time spent in this place.
 C = Inter-level travel time spent in this place.
 D = Time resting spent in this place.
 E = Time spent auto-exploring this place.
 F = Levels seen in this place.
 G = Mean time per level.
                   A        B        C        D        E       F      G
               +--------+--------+--------+--------+--------+-----+--------+
         Total |   3818 |   3773 |     45 |      0 |   3417 |   4 |  954.5 |
       Dungeon |   3818 |   3773 |     45 |      0 |   3417 |   4 |  954.5 |
               +--------+--------+--------+--------+--------+-----+--------+

Top non-repeatable levels by time:
     D:2: 1474 daAuts
     D:3: 1150 daAuts
     D:1: 1113 daAuts
     D:4: 79 daAuts
